 Dungeon Crawl Stone Soup version 0.28.0-43-g3370ac3207 (webtiles) character file.

Game seed: 7065675670448662366

12595 bnorton916 the Frost Mage (level 11, -1/82 HPs)
             Began as a Barachi Ice Elementalist on Mar 16, 2022.
             Was a Priest of Cheibriados.
             Slain by an eight-headed hydra (5 damage)
             ... on level 3 of the Lair of Beasts on Mar 17, 2022.
             The game lasted 00:43:16 (19715 turns).

bnorton916 the Frost Mage (BaIE)                   Turns: 19715, Time: 00:43:17

Health: -1/82      AC: 10    Str: 24    XL:     11   Next: 95%
Magic:  23/24      EV: 16    Int: 27    God:    Cheibriados [***...]
Gold:   502        SH:  5    Dex: 21    Spells: 2/28 levels left

rFire   + . .      SeeInvis .   j - +4 spear (protect)
rCold   . . .      Faith    .   (no shield)
rNeg    . . .      Spirit   .   P - +2 robe {rF+}
rPois   .          Reflect  +   u - +2 helmet
rElec   .          Harm     .   h - +1 cloak
rCorr   .          Rampage  .   (no gloves)
Will    .....                   w - +0 pair of boots
Stlth   ++........              A - amulet of reflection
HPRegen 0.23/turn               m - +6 ring of strength
MPRegen 0.19/turn               (no ring)

@: unable to hop, very slow
A: amphibious, slowness 1, strong legs 1, +LOS
a: Hop, Renounce Religion, Bend Time, Temporal Distortion


You were on level 3 of the Lair of Beasts.
You worshipped Cheibriados.
Cheibriados was most pleased with you.
You visited 3 branches of the dungeon, and saw 13 of its levels.

You collected 727 gold pieces.
You spent 225 gold pieces at shops.

Inventory:

Hand Weapons
 f - a +1 spear of venom
 g - a +0 long sword
 j - a +4 spear of protection (weapon)
 n - a +1 scythe of venom
 o - a +1 whip of holy wrath
 K - a +0 whip of electrocution
 O - a +1 scimitar of flaming
 S - a +1 falchion of holy wrath
Missiles
 b - 299 stones (quivered)
 l - 5 atropa-tipped darts
 t - 4 throwing nets
 F - 24 poisoned darts
Armour
 h - a +1 cloak (worn)
 i - a +0 kite shield
 u - a +2 helmet (worn)
 w - a +0 pair of boots (worn)
 P - a +2 robe of fire resistance (worn)
Magical Staves
 E - a staff of air
 Q - a staff of earth
Jewellery
 m - a +6 ring of strength (left hand)
 A - an amulet of reflection (around neck)
 U - an amulet of magic regeneration
Wands
 a - a wand of charming (6)
 r - a wand of flame (45)
 y - a wand of iceblast (1)
 J - a wand of paralysis (8)
 M - a wand of mindburst (1)
 R - a wand of polymorph (6)
Scrolls
 c - a scroll of fog
 d - 3 scrolls of enchant armour
 q - 2 scrolls of vulnerability
 v - a scroll of brand weapon
 N - a scroll of holy word
 V - a scroll of noise {unknown}
Potions
 e - 3 potions of magic
 k - a potion of brilliance
 p - a potion of cancellation
 x - a potion of ambrosia
 C - 2 potions of might
 D - 3 potions of flight
 G - a potion of haste {unknown}
 H - a potion of invisibility
 L - 2 potions of mutation
Miscellaneous
 T - a condenser vane


   Skills:
 - Level 6.3 Fighting
 - Level 4.0 Armour
 - Level 6.0 Dodging
 - Level 1.7 Stealth
 + Level 9.2 Spellcasting
 + Level 8.3 Conjurations
 - Level 7.0 Translocations
 - Level 9.7 Ice Magic
 - Level 7.0 Invocations


You had 2 spell levels left.
You knew the following spells:

 Your Spells              Type           Power      Damage    Failure   Level
a - Freeze                Ice            100%       1d11      1%          1
b - Frozen Ramparts       Ice            100%       1d12      1%          3
c - Ozocubu's Armour      Ice            60%        N/A       1%          3
d - Hailstorm             Conj/Ice       57%        3d12      1%          4
e - Passage of Golubria   Tloc           50%        N/A       2%          4
f - Orb of Destruction    Conj           27%        9d9       78%         7
g - Iskenderun's Mystic   Conj/Tloc      52%        2d11      1%          4

Your spell library contained the following spells:

 Spells                   Type           Power      Damage    Failure   Level
 Shock                    Conj/Air       100%       1d9       1%          1
 Dazzling Flash           Conj/Hex       68%        N/A       2%          3
 Summon Guardian Golem    Hex/Summ       12%        N/A       14%         3
 Swiftness                Air            12%        N/A       14%         3
 Dispersal                Tloc           25%        N/A       38%         6
 Airstrike                Air            6%         N/A       43%         4
 Silence                  Hex/Air        6%         N/A       78%         5
 Starburst                Conj/Fire      17%        6d6       78%         6
 Spellforged Servitor     Conj/Summ      17%        N/A       100%        7
 Disjunction              Tloc           25%        N/A       100%        8
 Lehudib's Crystal Spear  Conj/Erth      17%        10d5      100%        8


Dungeon Overview and Level Annotations

Branches:
Dungeon (8/15)             Temple (1/1) D:4            Lair (4/6) D:8
 Shoals (0/4) Lair:3        Snake (0/4) Lair:3

Altars:
Cheibriados
Elyvilon
Gozag
Okawaru
Qazlal
Ru
Sif Muna
Uskayaw
Vehumet
Xom
Yredelemnul
Zin

Shops:
D:4 (   D:5 !

Annotations:
Lair:1 2 runed translucent doors, fknight's ghost, journeyman GnBe
Lair:4 Nessos


Innate Abilities, Weirdness & Mutations

You are amphibious.
You cover ground slowly.
You can hop short distances.
You have an extended range of vision and can be seen from far away.


Message History

You block the eight-headed hydra's attack.
The eight-headed hydra closely misses you. x2
The eight-headed hydra bites you!
Unknown command.
Unknown command.
The eight-headed hydra misses you.
The eight-headed hydra barely misses you.
The eight-headed hydra closely misses you.
The eight-headed hydra bites you but does no damage.
You block the eight-headed hydra's attack.
The eight-headed hydra bites you but does no damage.
The eight-headed hydra bites you.
The eight-headed hydra barely misses you.
The death yak gores you!
The death yak is no longer moving slowly.
The eight-headed hydra closely misses you. x2
The eight-headed hydra bites you! The eight-headed hydra bites you.
* * * LOW HITPOINT WARNING * * *
The eight-headed hydra bites you but does no damage.
The eight-headed hydra bites you!
* * * LOW HITPOINT WARNING * * *
The eight-headed hydra bites you but does no damage.
The eight-headed hydra bites you.
* * * LOW HITPOINT WARNING * * *
Hop to where?
Press: ? - help, Dir - move target Boing!
The eight-headed hydra barely misses you. x2
The eight-headed hydra closely misses you.
You block the eight-headed hydra's attack.
The eight-headed hydra bites you but does no damage.
The eight-headed hydra bites you!
* * * LOW HITPOINT WARNING * * *
The eight-headed hydra bites you but does no damage.
The eight-headed hydra bites you.
* * * LOW HITPOINT WARNING * * *
You feel better. The eight-headed hydra bites you.
* * * LOW HITPOINT WARNING * * *
The eight-headed hydra bites you.
You die...

...............##
..............##
...............##
................#
................#
...............##
....#....Y.....#
....#.........Y###
...###....P...YD@#
.####..........###
.# #..........##
## ##...........#
# #...........## #
##.........P#
###.........##
#.#.........#
#..........#


You could see 3 death yaks and an eight-headed hydra.

Vanquished Creatures
  Snorg (Lair:3)
  Erica (D:8)
  Pikel (D:4)
  3 black mambas
  6 cane toads
  A rime drake (Lair:4)
  2 komodo dragons (Lair:2)
  A polar bear (Lair:4)
  Prince Ribbit (D:8)
  A hornet (Lair:4)
  4 blink frogs (Lair:2)
  Sigmund (D:4)
  2 wyverns (Lair:3)
  11 yaks
  Eustachio (D:4)
  A basilisk (Lair:3)
  Menkaure (D:5)
  A naga (Lair:3)
  2 water moccasins
  2 orc warriors
  A necrophage (D:6)
  A sky beast (D:5)
  A black bear (D:5)
  2 centaurs
  2 ogres (D:4)
  A lemure (D:4)
  A kobold brigand (D:6)
  5 bullfrogs
  A gnoll sergeant (D:7)
  3 scorpions
  A wyvern skeleton (D:6)
  4 killer bees (D:7)
  4 wights (D:7)
  2 electric eels (Lair:1)
  A howler monkey (D:7)
  A centaur zombie (D:7)
  A crimson imp (D:4)
  A jelly (D:4)
  5 orc priests
  2 centaur skeletons (D:7)
  A gnoll shaman (D:6)
  6 hounds
  5 iguanas
  Ijyb (D:4)
  5 orc wizards
  12 hell rats
  A scorpion zombie (D:5)
  A hound skeleton (D:3)
  19 gnolls
  A howler monkey skeleton (D:7)
  7 adders
  4 white imps
  2 dart slugs (D:1)
  18 orcs
  8 endoplasms
  8 giant cockroaches
  8 goblins
  12 hobgoblins
  10 jackals
  5 quokkas
  15 ball pythons
  4 bats
  4 frilled lizards
  11 kobolds
  10 rats
262 creatures vanquished.

Vanquished Creatures (others)
  15 fungi
  12 plants
27 creatures vanquished.

Grand Total: 289 creatures vanquished

Notes
Turn   | Place    | Note
-------+----------+-------------------------------------------
     0 | D:1      | bnorton916 the Barachi Ice Elementalist began the quest for
                  | the Orb.
     0 | D:1      | Reached XP level 1. HP: 13/13 MP: 3/3
   228 | D:1      | Reached skill level 5 in Ice Magic
   555 | D:1      | Reached XP level 2. HP: 18/19 MP: 1/5
  1298 | D:1      | Reached XP level 3. HP: 19/24 MP: 4/7
  1313 | D:2      | Learned a level 3 spell: Frozen Ramparts
  1317 | D:2      | Learned a level 3 spell: Ozocubu's Armour
  1437 | D:1      | Found a faded altar of an unknown god.
  1996 | D:2      | Reached XP level 4. HP: 12/30 MP: 2/9
  3417 | D:3      | Reached XP level 5. HP: 35/35 MP: 8/10
  4710 | D:4      | Noticed Ijyb
  4717 | D:4      | Killed Ijyb
  4718 | D:4      | Reached XP level 6. HP: 41/41 MP: 5/12
  5095 | D:4      | Found a staircase to the Ecumenical Temple.
  5114 | Temple   | Entered the Ecumenical Temple
  5122 | Temple   | Became a worshipper of Cheibriados the Contemplative
  5440 | D:4      | Reached skill level 5 in Spellcasting
  5825 | D:4      | Reached XP level 7. HP: 41/46 MP: 7/15
  5888 | D:4      | Noticed Sigmund
  5901 | D:4      | Killed Sigmund
  6324 | D:4      | Noticed Pikel
  6341 | D:4      | Killed Pikel
  6342 | D:4      | Reached XP level 8. HP: 47/52 MP: 8/18
  6592 | D:4      | Found Suxuqu's Antique Weapon Emporium.
  6981 | D:4      | Learned a level 4 spell: Hailstorm
  7007 | D:4      | Reached * piety under Cheibriados
  7377 | D:4      | Noticed Eustachio
  7384 | D:4      | Killed Eustachio
  7385 | D:4      | Reached skill level 1 in Armour
  7385 | D:4      | Reached skill level 1 in Conjurations
  7542 | D:5      | Entered Level 5 of the Dungeon
  7983 | D:5      | Reached XP level 9. HP: 52/57 MP: 20/20
  8297 | D:5      | Found Bec Higu's Distillery.
  8320 | D:5      | Bought a potion of curing for 45 gold pieces
  8320 | D:5      | Bought a potion of heal wounds for 75 gold pieces
  8320 | D:5      | Bought a potion of might for 60 gold pieces
  8320 | D:5      | Bought a potion of flight for 45 gold pieces
  8351 | D:5      | Noticed Menkaure
  8366 | D:5      | Killed Menkaure
  8367 | D:5      | Reached skill level 1 in Invocations
  8862 | D:6      | Reached ** piety under Cheibriados
  9452 | D:6      | Reached skill level 5 in Dodging
  9666 | D:6      | Found a radiant altar of Vehumet.
 10253 | D:6      | Reached *** piety under Cheibriados
 10444 | D:7      | Found an iron altar of Okawaru.
 11349 | D:7      | Reached XP level 10. HP: 63/63 MP: 15/21
 11381 | D:7      | Reached skill level 5 in Invocations
 11605 | D:7      | Found an opulent altar of Gozag.
 11640 | D:7      | Found a glowing silver altar of Zin.
 11640 | D:7      | Noticed an angel
 11652 | D:7      | Found a shimmering altar of Xom.
 12324 | D:8      | Reached **** piety under Cheibriados
 12423 | D:8      | Learned a level 4 spell: Passage of Golubria
 12434 | D:8      | Noticed Erica
 12441 | D:8      | Killed Erica
 13228 | D:8      | Noticed Prince Ribbit
 13234 | D:8      | Killed Prince Ribbit
 13235 | D:8      | Reached skill level 5 in Translocations
 13350 | D:8      | Found a staircase to the Lair.
 13583 | Lair:1   | Entered Level 1 of the Lair of Beasts
 13583 | Lair:1   | Noticed a cane toad
 13591 | Lair:1   | Killed a cane toad
 14891 | Lair:1   | Noticed a cane toad
 14897 | Lair:1   | Killed a cane toad
 15038 | Lair:1   | Found a large runed translucent door.
 15038 | Lair:1   | Found a large runed translucent door.
 15044 | Lair:1   | Noticed fknight's ghost (journeyman GnBe)
 15466 | Lair:2   | You fall into a shaft and drop 2 floors!
 15466 | Lair:4   | Noticed Nessos
 15472 | Lair:4   | Found a sacrificial altar of Ru.
 15472 | Lair:4   | Noticed a cane toad
 16041 | Lair:4   | Reached XP level 11. HP: 66/73 MP: 15/22
 16193 | Lair:4   | Noticed a six-headed hydra
 16286 | Lair:4   | Reached skill level 5 in Fighting
 16656 | Lair:4   | Learned a level 7 spell: Orb of Destruction
 16679 | Lair:4   | Reached skill level 5 in Conjurations
 17428 | Lair:2   | Reached ***** piety under Cheibriados
 18211 | Lair:2   | Noticed a swamp dragon
 18222 | Lair:2   | HP: 2/82 [poisoned by a swamp dragon (poison gas)]
 18227 | Lair:2   | HP: 5/123 [poisoned by a swamp dragon (poison gas)]
 18232 | Lair:2   | HP: 3/123 [poisoned by a swamp dragon (poison gas)]
 18706 | Lair:3   | Noticed Snorg
 18722 | Lair:3   | Killed Snorg
 19333 | Lair:3   | Found a staircase to the Shoals.
 19379 | Lair:3   | Learned a level 4 spell: Iskenderun's Mystic Blast
 19424 | Lair:3   | Found a staircase to the Snake Pit.
 19668 | Lair:3   | Noticed an eight-headed hydra
 19703 | Lair:3   | Noticed a death yak
 19703 | Lair:3   | Noticed a death yak
 19705 | Lair:3   | Noticed a death yak
 19714 | Lair:3   | HP: 4/82 [eight-headed hydra (8)]
 19714 | Lair:3   | HP: 1/82 [eight-headed hydra (3)]
 19715 | Lair:3   | Slain by an eight-headed hydra

Illustrated notes

Levels and vault maps discovered:
D:1:      dpeg_arrival_more_subterranean_lakeside_camping, layout_basic,
          chequers_ecumenical_altar_island
D:2:      layout_loops_ring
D:3:      layout_loops_ring, portal_sewer_entry_f, minmay_starry_boxes
D:4:      layout_loops_cross, minmay_temple_entry_stoned_glass, serial_shops,
          shop, minmay_fire_ice_demons, uniq_sigmund, uniq_ijyb, uniq_eustachio,
          uniq_pikel
D:5:      layout_layer_cave, serial_shops, shop, uniq_menkaure
D:6:      layout_loops_cross, mainiacjoe_overflow_six_doors_small, uniq_grinder
D:7:      layout_cave_pods, grunt_temple_overflow_order_and_chaos_1,
          kennysheep_little_box, okawaru_trees_2
D:8:      layout_loops_ring, lair_entry_dummy, uniq_erica, uniq_prince_ribbit1
Temple:   hc_temple_tempest_star
Lair:1:   layout_misc_corridors, ebering_ghost_disaster_area,
          serial_bayou_ford_a, chequers_serial_rivers_large_b
Lair:2:   layout_roguey, gauntlet_entry_generic, hibernation_bobbens
Lair:3:   layout_hall_layers, shoals_dummy_entry,
          minmay_snake_entry_guardpost_small, grunt_megastairs_1, uniq_snorg
Lair:4:   layout_cave_pods, basic_altar, grunt_megastairs_4, uniq_nessos

Skill      XL: |  1  2  3  4  5  6  7  8  9 10 11 |
---------------+----------------------------------+-----
Ice Magic      | 5 6 7 9 |  9.7
Spellcasting   | 3 4 5 7 9 |  9.2
Armour         | 3 4 |  4.0
Conjurations   | 2 4 8 |  8.3
Dodging        | 3 6 |  6.0
Invocations    | 4 7 |  7.0
Translocations | 7 |  7.0
Fighting       | 2 6 |  6.3
Stealth        | |  1.7

Action                   |  1- 3 |  4- 6 |  7- 9 | 10-12 || total
-------------------------+-------+-------+-------+-------++-------
Melee: Unarmed           |    12 |       |       |       ||    12
       Spear             |       |    41 |   155 |   188 ||   384
       Punch             |       |       |     1 |     3 ||     4
Throw: Stone             |     1 |     6 |     6 |    18 ||    31
 Cast: Freeze            |    50 |    41 |     1 |    12 ||   104
       Frozen Ramparts   |     2 |    13 |    43 |    36 ||    94
       Ozocubu's Armour  |       |     6 |    15 |    29 ||    50
       Hailstorm         |       |       |     2 |     1 ||     3
Invok: Slouch            |       |       |       |     2 ||     2
       Bend Time         |       |       |       |     1 ||     1
       Temporal Distorti |       |       |       |     1 ||     1
 Abil: Hop               |       |     1 |       |     2 ||     3
Evoke: Wand              |       |       |     1 |     9 ||    10
  Use: Scroll            |       |     8 |     2 |     6 ||    16
       Potion            |       |     2 |     4 |     9 ||    15
 Stab: Sleeping          |       |     2 |       |     2 ||     4
Armor: Robe              |    15 |    27 |    49 |   102 ||   193
       Skin              |       |     7 |       |       ||     7
Dodge: Dodged            |    52 |    56 |   133 |   211 ||   452
Block: Other             |       |       |    33 |    64 ||    97
       Reflection        |       |       |     4 |     3 ||     7
